 Dungeon Crawl Stone Soup version 0.18-a0-670-g393520a (webtiles) character file.

398 Glider the Chiller (level 6, -17/34 HPs)
             Began as a Gargoyle Ice Elementalist on Dec 6, 2015.
             Was a Follower of Fedhas.
             Killed from afar by Dowan (18 damage)
             ... with a shard of ice
             ... on level 4 of the Dungeon.
             The game lasted 00:19:38 (3712 turns).

Glider the Chiller (Gargoyle Ice Elementalist)      Turns: 3712, Time: 00:19:43

Health: -17/34     AC: 13    Str: 12    XL:     6   Next: 83%
Magic:  1/10       EV: 12    Int: 17    God:    Fedhas [*.....]
Gold:   172        SH:  0    Dex: 10    Spells: 3 memorised, 5 levels left

rFire  . . .     SeeInvis .     g - +0 whip
rCold  . . .     Clarity  .     a - +0 robe
rNeg   + . .     SustAt   .     (no shield)
rPois  ∞         Gourm    +     (no helmet)
rElec  +         Spirit   .     (no cloak)
rCorr  .         Dismiss  .     (no gloves)
rMut   .         Stasis   .     r - +0 pair of boots
MR     .....                    t - amulet of the gourmand
Stlth  ++........               (no ring)
                                (no ring)

@: icy armour, about to teleport, not resistant to hostile enchantments,
unstealthy
A: negative energy resistance 1, electricity resistance, unbreathing,
petrification resistance, rot immunity, AC +4
a: Evolution, Renounce Religion


You were on level 4 of the Dungeon.
You worshipped Fedhas.
Fedhas was aware of your devotion.
You were very full.

You visited 1 branch of the dungeon, and saw 4 of its levels.

You collected 172 gold pieces.

Inventory:

Hand Weapons
 g - a +0 whip (weapon)
Armour
 a - a +0 robe (worn)
 r - a +0 pair of boots (worn)
Jewellery
 t - an amulet of the gourmand (around neck)
Wands
 s - a wand of slowing (22)
Scrolls
 h - 2 scrolls of teleportation
 j - 2 scrolls of identify
 n - a scroll of blinking {unknown}
 o - a scroll of magic mapping {unknown}
 p - a scroll of random uselessness {unknown}
 q - a scroll of amnesia {unknown}
Potions
 e - a potion of poison {unknown}
 k - a potion of magic
 m - a potion of flight
 u - a potion of berserk rage
Books
 b - a book of Frost

   Spells                             Type                      Level
   a - Freeze                         Ice                          1
   b - Throw Frost                    Conjuration/Ice              2
   c - Ozocubu's Armour               Charms/Ice                   3
   d - Throw Icicle                   Conjuration/Ice              4
   e - Summon Ice Beast               Ice/Summoning                4
   f - Condensation Shield            Ice                          4
Comestibles
 c - 3 bread rations
 d - 2 slices of pizza
 f - a beef jerky
 i - 2 meat rations


   Skills:
 * Level 1.4 Fighting
 - Level 1.5 Dodging
 - Level 2.1 Stealth
 - Level 3.0 Spellcasting
 * Level 2.1 Conjurations
 * Level 6.5 Ice Magic


You had 5 spell levels left.
You knew the following spells:

 Your Spells              Type           Power        Failure   Level  Hunger
a - Freeze                Ice            ###.         1%          1    None
b - Throw Frost           Conj/Ice       ###...       4%          2    ##.....
c - Ozocubu's Armour      Chrm/Ice       ##......     14%         3    ###....


Dungeon Overview and Level Annotations

Branches:
Dungeon (4/15)
 Temple: D:4-7

Altars:
Ashenzari
Fedhas
Qazlal
Yredelemnul
The Shining One

Annotations:
D:4 Dowan


Innate Abilities, Weirdness & Mutations

You are resistant to torment.
Your stone body is resilient (AC +4).
You are immune to poison.
You resist negative energy.
You are resistant to electric shocks.
You can survive without breathing.
You are immune to petrification.
You are immune to rotting.


Message History

Press: ? - help, Shift-Dir - straight line, f - Dowan
Aim: Dowan, wielding a dagger and wearing an embroidered robe (fast)
You freeze Dowan.
Dowan completely resists.
Dowan hits you but does no damage. Dowan hits you with a dagger.
* * * LOW HITPOINT WARNING * * *
Casting: Freeze
Confirm with . or Enter, or press ? or * to list all spells.
Aiming: Freeze
Press: ? - help, Shift-Dir - straight line, f/p - Dowan
Aim: Dowan, wielding a dagger and wearing an embroidered robe (fast)
You freeze Dowan.
Dowan completely resists.
Dowan barely misses you.
Read which item? (? for menu, Esc to quit)
As you read the scroll of teleportation, it crumbles to dust.
You feel strangely unstable. Dowan hits you with a dagger.
* * * LOW HITPOINT WARNING * * *
Dowan gestures at you while chanting. The shard of ice hits you!
Ouch! That really hurt!
You die...
Fedhas appreciates your contribution to the ecosystem.

### ...# ....#
########.....#
###............#
#..#####...######.....#
#........### .$)..
.#####e## #### #@# ##.#
##..# .. #..##
#.###.###.# #.#.......#
#...#.##### #..##.#
#..##.#


You could see Dowan.

Vanquished Creatures
  Duvessa (D:4)
  The ghost of Glider the Chiller, an amateur GrIE of Nemelex Xobeh (D:3)
  An orc priest (D:3)
  Natasha (thrice) (D:2)
  7 adders
  An ooze (D:1)
  4 worms
  4 giant geckos
  7 orcs (D:3)
  2 bats (D:3)
  2 giant cockroaches
  12 goblins
  9 hobgoblins
  8 jackals
  7 kobolds
  3 quokkas
  4 giant newts
  8 rats
84 creatures vanquished.

Notes
Turn   | Place    | Note
--------------------------------------------------------------
     0 | D:1      | Glider the Gargoyle Ice Elementalist began the quest for the Orb.
     0 | D:1      | Reached XP level 1. HP: 10/10 MP: 3/3
   425 | D:1      | Reached XP level 2. HP: 15/15 MP: 5/5
   660 | D:1      | Reached skill level 4 in Ice Magic
   911 | D:1      | Reached XP level 3. HP: 19/19 MP: 6/6
  1135 | D:2      | Found a faded altar to an unknown god.
  1139 | D:2      | Became a worshipper of Fedhas Madash
  1139 | D:2      | Reached * piety under Fedhas
  1310 | D:2      | Found a stormy altar of Qazlal.
  1311 | D:2      | Noticed an earth elemental
  1315 | D:2      | Noticed a water elemental
  1316 | D:2      | Noticed an air elemental
  1316 | D:2      | Noticed a fire elemental
  1352 | D:2      | Noticed Natasha
  1359 | D:2      | Killed Natasha
  1359 | D:2      | Reached skill level 5 in Ice Magic
  1359 | D:2      | Reached XP level 4. HP: 24/24 MP: 2/7
  1462 | D:2      | Noticed Natasha
  1479 | D:2      | Killed Natasha
  1601 | D:2      | Noticed Natasha
  1614 | D:2      | Killed Natasha
  1932 | D:2      | Found a blossoming altar of Fedhas.
  2005 | D:2      | Reached XP level 5. HP: 28/28 MP: 5/8
  2024 | D:2      | Learned a level 2 spell: Throw Frost
  2028 | D:2      | Learned a level 3 spell: Ozocubu's Armour
  2114 | D:2      | Found a basalt altar of Yredelemnul.
  2115 | D:2      | Found a shattered altar of Ashenzari.
  2338 | D:3      | Noticed Glider's ghost (amateur GrIE)
  2345 | D:3      | Killed Glider's ghost
  2839 | D:3      | Reached XP level 6. HP: 30/33 MP: 6/10
  3053 | D:3      | Reached skill level 1 in Fighting
  3292 | D:3      | Found a glowing golden altar of the Shining One.
  3360 | D:3      | Reached skill level 6 in Ice Magic
  3690 | D:4      | Noticed Dowan
  3691 | D:4      | Noticed Duvessa
  3709 | D:4      | Killed Duvessa
  3712 | D:4      | HP: 1/34 [Dowan/dagger (3)]
  3712 | D:4      | Killed from afar by Dowan

Vault maps used:
D:1:      minmay_arrival_glassed_features, serial_forest,
          infiniplex_forest_clump_tiny, infiniplex_forest_straight_3,
          infiniplex_forest_clump_medium, infiniplex_forest_straight_3,
          infiniplex_forest_lined_corner
D:2:      nicolae_qazlal_style_of_elements, grunt_temple_overflow_open,
          nicolae_overflow_crystal_walls, ecumenical_altar_1, first_bread,
          serial_forest, infiniplex_forest_lined_2, infiniplex_forest_lined_1,
          infiniplex_forest_clump_large, infiniplex_forest_straight_4,
          infiniplex_forest_end_3, infiniplex_forest_straight_2,
          infiniplex_forest_straight_2, uniq_natasha
D:3:      nicolae_tso_swordbearing_angel
D:4:      okawaru_metal_pillars_1_2, minmay_hollow_rounded_squares, uniq_duvessa

Action                   |  1- 3 |  4- 6 || total
-------------------------+-------+-------++-------
Melee: Hand axe          |     9 |       ||     9
       Whip              |    37 |    53 ||    90
 Cast: Freeze            |    31 |   103 ||   134
       Throw Frost       |       |     1 ||     1
       Ozocubu's Armour  |       |     1 ||     1
  Use: Scroll            |       |     6 ||     6
 Stab: Sleeping          |     4 |     3 ||     7
  Eat: Chunk             |     2 |    18 ||    20
